 Dungeon Crawl Stone Soup version 0.19-a0-526-gbe2e51c (webtiles) character file.

14 Duffy the Skirmisher (level 2, 0/24 HPs)
             Began as a Demonspawn Fighter on June 7, 2016.
             Slain by a gnoll
             ... wielding a +0 whip
              (6 damage)
             ... on level 2 of the Dungeon.
             The game lasted 00:00:20 (373 turns).

Duffy the Skirmisher (Demonspawn Fighter)            Turns: 373, Time: 00:00:21

Health: 0/24       AC:  6    Str: 16    XL:     2   Next: 27%
Magic:  2/2        EV:  6    Int:  9    God:
Gold:   21         SH:  8    Dex: 12    Spells: 0 memorised, 1 level left

rFire  . . .     SeeInvis .     a - +0 war axe
rCold  . . .     Gourm    .     b - +0 scale mail
rNeg   . . .     Faith    .     c - +0 shield
rPois  .         Spirit   .     (no helmet)
rElec  .         Dismiss  .     (no cloak)
rCorr  .         Reflect  .     (no gloves)
SustAt .         Harm     .     (no boots)
MR     .....                    (no amulet)
Stlth  ..........               (no ring)
                                (no ring)

@: not resistant to hostile enchantments, extremely unstealthy
A: talons 1
a: no special abilities


You were on level 2 of the Dungeon.
You were not hungry.

You visited 1 branch of the dungeon, and saw 2 of its levels.

You collected 21 gold pieces.


Innate Abilities, Weirdness & Mutations

You have sharp toenails.


   Skills:
 - Level 3.0 Fighting
 + Level 2.6 Axes
 - Level 2.6 Armour
 - Level 2.6 Shields


You had one spell level left.
You didn't know any spells.

Inventory:

Hand Weapons
 a - a +0 war axe (weapon)
Armour
 b - a +0 scale mail (worn)
 c - a +0 shield (worn)
Scrolls
 e - a scroll of fear {unknown}
 i - 3 scrolls of remove curse {unknown}
Potions
 d - a potion of might
 g - a potion of cancellation {unknown}
 j - a potion of invisibility {unknown}
Comestibles
 f - a bread ration
 h - a beef jerky

Dungeon Overview and Level Annotations

Branches:
Dungeon (2/15)

Altars:
Uskayaw


Message History

You now have 21 gold pieces (gained 3).
A bat comes into view.
Found 12 stones. 2 gnolls come into view.
The gnoll shouts!
Something hits the plant but does no damage.
Found a hide-covered altar of Uskayaw.
Something hits the plant but does no damage. x3
Found 12 stones.
A rat comes into view.
The gnoll barely misses you.
You barely miss the gnoll. You claw the gnoll, but do no damage.
You hit the plant but do no damage. The gnoll hits you with a whip.
You closely miss the gnoll. Your kick misses the gnoll. You hit the plant.
The plant is lightly damaged.
The gnoll hits you with a whip. You block the gnoll's attack.
You barely miss the gnoll. You claw the gnoll, but do no damage.
You hit the gnoll but do no damage. You hit the plant but do no damage.
The plant is lightly damaged.
The gnoll hits you with a whip. x2
You are too injured to fight recklessly!
You are too injured to fight recklessly!
You are too injured to fight recklessly!
You are too injured to fight recklessly!
You are too injured to fight recklessly!
You are too injured to fight recklessly!
You are too injured to fight recklessly!
You are too injured to fight recklessly!
You are too injured to fight recklessly!
You are too injured to fight recklessly!
You are too injured to fight recklessly!
You are too injured to fight recklessly!
You are too injured to fight recklessly!
You are too injured to fight recklessly!
You are too injured to fight recklessly!
You slash the gnoll!
The gnoll is severely wounded.
You hit the plant but do no damage.
The plant is lightly damaged.
You hit the gnoll.
The gnoll is heavily wounded.
The gnoll hits you with a whip. You block the gnoll's attack. x2
You closely miss the gnoll. You claw the gnoll, but do no damage.
The gnoll is severely wounded.
You hit the plant.
The plant is lightly damaged.
You barely miss the gnoll.
The gnoll is heavily wounded.
The gnoll hits you with a whip. x2
You die...

7.... P.... 7 P7.## ...
# .. .... 7. P... ... #.
.P. ..8P.7.7#.# ... .#
.... ..7.7.77.# #.##.#
P#...#..P..7.%# #.#..#
.........77.7.####....##
P.(_(r7P77P.<..........#
.....bg@.77P..###....>..
.#...#7g....### ##.....#
P......7P7.P#######...##
P .#....P7P.............
.....777P7.######...##
P...7. 777## ##.##
.7P... .# .77.. .# ..


You could see 2 gnolls, a bat and a rat.

Action                   || total
-------------------------++-------
Melee: War axe           ||    41
       Kick              ||     6
Armor: Scale mail        ||    17
Dodge: Dodged            ||    10
Block: Shield            ||    23

Notes
Turn   | Place    | Note
--------------------------------------------------------------
     0 | D:1      | Duffy the Demonspawn Fighter began the quest for the Orb.
     0 | D:1      | Reached XP level 1. HP: 18/18 MP: 1/1
    76 | D:1      | Reached skill level 2 in Axes
   296 | D:2      | Gained mutation: You have sharp toenails. [demonic ancestry]
   296 | D:2      | Reached XP level 2. HP: 24/24 MP: 2/2
   365 | D:2      | Found a hide-covered altar of Uskayaw.
   373 | D:2      | Slain by a gnoll

Skill      XL: |  1 |
---------------+----+-----
Axes           | 2 |  2.6
Fighting       | |  3.0
Armour         | |  2.6
Shields        | |  2.6

Vault maps used:
D:1:      minmay_arrival_widening_spiral_wide
D:2:      wad_woods_stonehenge, zin_angel, ecumenical_altar_2

Vanquished Creatures
  A worm
  A giant gecko
  2 goblins
  A kobold
  A quokka
  2 giant newts
  2 rats
10 creatures vanquished.
